 Dungeon Crawl Stone Soup version 0.31-a0-221-gbddc013574 (webtiles) character file.

Game seed: 686527113413613343

369908 Anon1729 the Slayer (level 21, 0/206 HPs)
             Began as a Minotaur Monk on July 4, 2023.
             Was a Priest of Uskayaw.
             Slain by a titan (42 damage)
             ... on level 4 of the Vaults.
             The game lasted 00:45:14 (41419 turns).

Anon1729 the Slayer (Minotaur Monk)                Turns: 41419, Time: 00:45:15

Health: 0/206      AC: 19    Str: 21    XL:     21   Next: 67%
Magic:  20/33      EV: 34    Int:  7    God:    Uskayaw [***...]
Gold:   2472       SH:  0    Dex: 23    Spells: 20/20 levels left

rFire   . . .        o - +2 dagger (elec)
rCold   + + +        d - orb {light}
rNeg    + + .        I - +0 troll leather armour
rPois   +            T - +1 hat of the Falcon {Slay+3}
rElec   +            X - +3 cloak of Vyvarust {rPois rC+++ rN++ Str-2}
rCorr   .            M - +2 pair of gloves
SInv    .            z - +0 pair of boots
Will    +....        S - amulet "Ufegaoz" {Acrobat rElec rPois rC+}
Stlth   +            A - +6 ring of strength
HPRegen 1.34/turn    O - +5 ring of evasion
MPRegen 0.23/turn

%: acrobat
@: glowing
A: horns 2, retaliatory headbutt
}: 2/15 runes: decaying, gossamer
a: Renounce Religion, Stomp, Line Pass


You were on level 4 of the Vaults.
You worshipped Uskayaw.
Uskayaw was most pleased with you.
You visited 8 branches of the dungeon, and saw 37 of its levels.
You visited the Abyss 1 time.
You also visited: Desolation.

You collected 3917 gold pieces.
You spent 1445 gold pieces at shops.

Inventory:

Hand Weapons
 o - a +2 dagger of electrocution (weapon)
 W - the +1 quick blade "Ebuakk" {spect, Will++ rCorr Int+3}
   (You found it in the Desolation of Salt)

   Int:       It affects your intelligence (+3).
   rCorr:     It protects you from acid and corrosion.
   Will:      It greatly increases your willpower.
Missiles
 L - a throwing net
Armour
 d - an orb of light (worn)
 z - a +0 pair of boots (worn)
 I - a +0 troll leather armour (worn)
 M - a +2 pair of gloves (worn)
 T - the +1 hat of the Falcon (worn) {Slay+3}
   (You found it on level 3 of the Vaults)

   Slay:      It affects your accuracy & damage with ranged weapons and melee
   (+3).
 X - the +3 cloak of Vyvarust (worn) {rPois rC+++ rN++ Str-2}
   (You found it in the Desolation of Salt)

   Str:       It affects your strength (-2).
   rC:        It renders you almost immune to cold.
   rPois:     It protects you from poison.
   rN:        It greatly protects you from negative energy.
Jewellery
 t - the ring "Pauteul" {rElec rCorr EV+5 Dex-3 Stlth+}
   (You found it in the Desolation of Salt)

   [ring of evasion]

   EV:        It affects your evasion (+5).
   Dex:       It affects your dexterity (-3).
   rElec:     It insulates you from electricity.
   rCorr:     It protects you from acid and corrosion.
   Stlth:     It makes you more stealthy.
 A - a +6 ring of strength (left hand)
 O - a +5 ring of evasion (right hand)
 R - a ring of ice
 S - the amulet "Ufegaoz" (around neck) {Acrobat rElec rPois rC+}
   (You acquired it on level 11 of the Dungeon)

   [amulet of the acrobat]

   It increases your evasion while moving and waiting.
   rC:        It protects you from cold.
   rElec:     It insulates you from electricity.
   rPois:     It protects you from poison.
 U - a ring of see invisible
Wands
 c - a wand of roots (50)
 u - a wand of polymorph (22)
 w - a wand of acid (27)
 y - a wand of digging (13)
 H - a wand of mindburst (1)
 K - a wand of paralysis (12)
 Q - a wand of flame (105)
Scrolls
 h - 10 scrolls of enchant armour
 k - 6 scrolls of enchant weapon
 l - 12 scrolls of revelation
 n - 5 scrolls of poison
 r - 11 scrolls of identify
 s - 10 scrolls of vulnerability
 v - 3 scrolls of teleportation
 x - 2 scrolls of blinking
 B - 5 scrolls of immolation
 C - a scroll of silence
 E - 4 scrolls of butterflies
 F - 5 scrolls of amnesia
 G - 3 scrolls of fear
 P - a scroll of fog
Potions
 b - a potion of cancellation
 e - a potion of berserk rage
 f - 11 potions of attraction
 g - 13 potions of curing
 i - 4 potions of might
 j - 10 potions of lignification
 m - 5 potions of mutation
 p - 4 potions of haste
 q - 5 potions of heal wounds
 D - 2 potions of brilliance
 J - 3 potions of invisibility
 N - 6 potions of ambrosia
 Y - 3 potions of enlightenment
 Z - 2 potions of magic
Miscellaneous
 a - a tin of tremorstones (2/2)
 V - a phial of floods


   Skills:
 + Level 21.7 Fighting
 + Level 20.1 Short Blades
 + Level 21.4 Armour
 + Level 20.0 Dodging
 + Level 18.3 Invocations


You had 20 spell levels left.
You didn't know any spells.
Your spell library contained the following spells:

 Spells                   Type           Power      Damage    Failure   Level
 Magic Dart               Conj           0%         1d3       45%         1
 Shock                    Conj/Air       0%         1d3       45%         1
 Sting                    Tmut/Pois      0%         1d3       45%         1
 Summon Small Mammal      Summ           0%         N/A       45%         1
 Call Imp                 Summ           0%         N/A       58%         2
 Cigotuvi's Dreadful Rot  Necr/Pois/Air  0%         N/A       58%         2
 Ensorcelled Hibernation  Hex/Ice        0%         N/A       58%         2
 Passwall                 Tmut/Erth      0%         N/A       58%         2
 Poisonous Vapours        Pois/Air       0%         N/A       58%         2
 Call Canine Familiar     Summ           0%         N/A       83%         3
 Dazzling Flash           Conj/Hex       0%         N/A       83%         3
 Hailstorm                Conj/Ice       0%         3d3       83%         3
 Ignite Poison            Fire/Tmut/Pois 0%         N/A       83%         3
 Mephitic Cloud           Conj/Pois/Air  0%         N/A       83%         3
 Portal Projectile        Hex/Tloc       0%         N/A       83%         3
 Summon Guardian Golem    Hex/Summ       0%         N/A       83%         3
 Swiftness                Air            0%         N/A       83%         3
 Tukima's Dance           Hex            0%         N/A       83%         3
 Vhi's Electric Charge    Tloc/Air       0%         N/A       83%         3
 Volatile Blastmotes      Fire/Tloc      0%         2d10      83%         3
 Anguish                  Hex/Necr       0%         N/A       99%         4
 Animate Armour           Summ/Erth      0%         N/A       99%         4
 Animate Dead             Necr           0%         N/A       99%         4
 Cause Fear               Hex            0%         N/A       99%         4
 Fulminant Prism          Conj/Hex       0%         3d5       99%         4
 Ice Form                 Ice/Tmut       0%         N/A       99%         4
 Iskenderun's Mystic Bla  Conj/Tloc      0%         2d3       99%         4
 Olgreb's Toxic Radiance  Pois           0%         N/A       99%         4
 Petrify                  Tmut/Erth      0%         N/A       99%         4
 Summon Lightning Spire   Summ/Air       0%         N/A       99%         4
 Blade Hands              Tmut           0%         N/A       100%        5
 Borgnjor's Vile Clutch   Necr/Erth      0%         N/A       100%        5
 Freezing Cloud           Conj/Ice/Air   0%         6-21      100%        5
 Iskenderun's Battlesphe  Conj           0%         2d6       100%        5
 Lee's Rapid Deconstruct  Erth           0%         3d4*      100%        5
 Metabolic Englaciation   Hex/Ice        0%         N/A       100%        5
 Conjure Ball Lightning   Conj/Air       0%         3x3d6     100%        6
 Death Channel            Necr           0%         N/A       100%        6
 Leda's Unmaking          Conj/Erth      0%         9d1       100%        6
 Simulacrum               Ice/Necr       0%         N/A       100%        6
 Starburst                Conj/Fire      0%         6d3       100%        6
 Statue Form              Tmut/Erth      0%         N/A       100%        6
 Enfeeble                 Hex            0%         N/A       100%        7
 Orb of Destruction       Conj           0%         9d5       100%        7
 Ozocubu's Refrigeration  Ice            0%         4d7       100%        7
 Spellforged Servitor     Conj/Summ      0%         N/A       100%        7
 Summon Hydra             Summ           0%         N/A       100%        7
 Lehudib's Crystal Spear  Conj/Erth      0%         10d2      100%        8
 Chain Lightning          Conj/Air       0%         N/A       100%        9
 Polar Vortex             Ice            0%         N/A       100%        9


Dungeon Overview and Level Annotations

Branches:
Dungeon (15/15)            Temple (1/1) D:4            Lair (5/5) D:10
  Swamp (4/4) Lair:2       Spider (4/4) Lair:2        Slime (1/5) Lair:4
    Orc (2/2) D:10            Elf (0/3) Orc:2        Vaults (5/5) D:13
  Crypt (0/3) Vaults:3     Depths (0/4) D:15        Desolation (visited)

Altars:
Ashenzari
Cheibriados
Dithmenos
Elyvilon
Fedhas
Gozag
Hepliaklqana
Kikubaaqudgha
Makhleb
Nemelex Xobeh
Okawaru
Qazlal
Ru
Sif Muna
Trog
Uskayaw
Vehumet
Wu Jian
Xom
Yredelemnul
Zin
The Shining One

Shops:
D:1 *   Orc:1 [   Orc:2 :**!*   Vaults:4 (

Annotations:
D:5 3 runed translucent doors, Yorgos's ghost, novice DsGl
D:13 2 transporters, Nisur's ghost, journeyman DrCj
Lair:2 2 transporters


Innate Abilities, Weirdness & Mutations

You have a pair of horns on your head.
You reflexively headbutt those who attack you in melee.


Message History

The titan hits you!!
The deep elf annihilator casts a spell.
The deep elf annihilator blinks!
You climb upwards.
There is a stone staircase leading down, spattered with blood here.
You stomp with the beat, sending a shockwave through the revellers around you!
The titan is moderately wounded.
The quicksilver dragon is severely wounded.
The orc knight is almost dead.
The stone giant is moderately wounded.
The quicksilver dragon completely misses you.
You furiously retaliate!
You headbutt the quicksilver dragon! The quicksilver dragon claws you!
The orc knight completely misses you. You furiously retaliate!
You headbutt the orc knight!!
You kill the orc knight!
The stone giant completely misses you. The titan hits you!!!
* * * LOW HITPOINT WARNING * * *
The quicksilver dragon misses you. You furiously retaliate!
You headbutt the quicksilver dragon!
The quicksilver dragon closely misses you.
You stomp with the beat, sending a shockwave through the revellers around you!
The titan is severely wounded.
You kill the quicksilver dragon!
The stone giant is severely wounded.
You can no longer merge with and destroy a victim.
The stone giant misses you. The titan casts a spell at you.
The bolt of lightning misses you.
You can now merge with and destroy a victim.
You stomp with the beat, sending a shockwave through the revellers around you!
The titan is almost dead.
The stone giant is almost dead.
You can no longer merge with and destroy a victim.
The stone giant completely misses you. You furiously retaliate!
You headbutt the stone giant.
The titan mumbles some strange words.
The titan is healed somewhat.
Aiming: Line Pass
Press: ? - help, Dir - move target The titan appears confused.
The titan hits you!!!
You die...

#......##...#......#.#..........
#......##...#......#.#..........
#......##...##'#####.#..........
#......##............###########
######'###.......................
.........#..#####################
.........)..#......#.....§.§...'.
.........#..#..C...+...........#.
.##'##...#..#.>C@..#..##§.##...#.
##...#####..#.)!...+.§§§§§§....#.
.........#..#......#.§#§§§§....#.
.........#..+......#....§§§§#..+.
##.[.#####..#....(.#..§§.§§§#..+.
.##'##...#..########..#..§§§#..#.
..).)....#.........#....#.##§..#.
.........#.........#....§§§....##
.........#.........#...........#.


You could see a titan (confused) and a stone giant.

Vanquished Creatures
  Mara (Vaults:2)
  Sojobo (Vaults:4)
  Boris (Vaults:4)
  Frederick (Vaults:5)
  Bai Suzhen (Vaults:3)
  the Lernaean hydra (Swamp:4)
  Nikola (Swamp:2)
  3 golden dragons
  Arachne (Spider:4)
  2 bone dragons (Abyss:3)
  A lich (Vaults:3)
  2 quicksilver dragons
  4 titans
  An Executioner (Vaults:4)
  6 sphinxes
  2 shadow dragons (Vaults:5)
  Kirke (Lair:4)
  7 tengu reavers
  2 storm dragons (Vaults:5)
  A fenstrider witch (Swamp:3)
  3 imperial myrmidons (Desolation)
  A deep elf sorcerer (Vaults:5)
  An iron dragon (Vaults:5)
  5 ghost moths
  3 frost giants (Vaults:5)
  4 emperor scorpions (Spider:4)
  11 vault wardens
  Aizul (Spider:2)
  The ghost of Notanamesir the Zephyrmancer, an adept TeCj of Dithmenos (Spider:4)
  4 orc warlords
  3 stone giants
  8 ironbound preservers
  A formless jellyfish (Vaults:1)
  2 war gargoyles
  A very ugly thing (Vaults:4)
  2 broodmothers (Spider:3)
  8 ironbound thunderhulks
  7 eleionomae
  A lorocyproca (Abyss:3)
  12 dire elephants
  A halazid warlock (Desolation)
  4 bunyips (Swamp:4)
  2 spark wasps (Spider:3)
  A green death (Abyss:3)
  Josephine (Orc:2)
  2 ettins
  5 crystal guardians
  Snorg (Orc:2)
  A shambling mangrove (Swamp:3)
  8 ragged hierophants (Desolation)
  36 vault guards
  3 great orbs of eyes
  11 yaktaur captains
  A fire dragon (Lair:5)
  8 entropy weavers
  2 deep elf high priests (Vaults:5)
  13 peacekeepers
  13 servants of whispers (Desolation)
  28 hydras
  2 jorogumos (Spider:4)
  10 ironbound frosthearts
  2 death knights (D:14)
  5 radroaches
  11 boulder beetles
  5 two-headed ogres
  14 centaur warriors
  3 death yaks (Lair:5)
  4 alligators
  4 orc high priests (Orc:2)
  5 tengu warriors
  5 demonic crawlers
  A thrashing horror (Abyss:3)
  Urug (D:11)
  7 spriggans
  Amaemon (D:11)
  Sonja (Orc:2)
  4 skysharks (Lair:5)
  3 sun moths (Spider:4)
  A shadow wraith (Abyss:3)
  A sixfirhy (Abyss:3)
  3 goliath frogs
  7 pharaoh ants
  A death drake (Swamp:2)
  28 deep trolls
  13 orb spiders
  13 swamp dragons
  2 glowing orange brains (Vaults:2)
  10 ironbound convokers
  4 bog bodies
  5 wizards
  5 steelbarb worms
  15 lindwurms
  2 deep elf pyromancers (D:13)
  4 phantasmal warriors
  A necromancer (Vaults:2)
  19 orc knights
  17 ugly things
  21 wolf spiders
  3 will-o-the-wisps (Swamp:4)
  5 cyclopes
  5 manticores
  7 orc sorcerers
  An oklob plant (Lair:1)
  A moth of wrath (Spider:4)
  9 black mambas
  Maurice (D:12)
  2 naga magi (Vaults:3)
  8 molten gargoyles
  A black mamba (shapeshifter) (Abyss:3)
  A worldbinder (Abyss:3)
  29 elephants
  An apocalypse crab (Abyss:3)
  5 guardian serpents (Desolation)
  A smoke demon (Abyss:3)
  17 vault sentinels
  An orange demon (D:11)
  2 gargoyles
  10 cane toads
  5 unseen horrors
  7 torpor snails
  4 freezing wraiths
  11 komodo dragons
  3 kobold demonologists
  20 yaktaurs
  3 rime drakes
  A tengu conjurer (Vaults:3)
  6 large abominations (Abyss:3)
  11 hornets
  2 polar bears
  7 trolls
  3 meliai (D:15)
  9 tyrant leeches
  80 saltlings
  3 raiju (Abyss:3)
  28 tarantellas
  9 blink frogs
  44 jumping spiders
  23 slime creatures
  3 vampires
  An ettin skeleton (Abyss:3)
  25 culicivoras
  A shadow (D:12)
  A spriggan (shapeshifter) (Spider:4)
  13 wraiths
  5 hogs (Lair:4)
  52 yaks
  13 wyverns
  A neqoxec (Abyss:3)
  A steam dragon (Lair:5)
  8 vampire mosquitoes
  8 basilisks
  53 redbacks
  Grum (D:8)
  3 wargs
  15 swamp worms
  4 acid dragons
  A warg (shapeshifter) (D:15)
  3 hell hounds (Lair:5)
  16 water moccasins
  10 swamp drakes
  3 small abominations
  2 sky beasts (D:7)
  2 black bears
  23 orc warriors
  5 ogres
  3 wolves (D:8)
  8 centaurs
  2 phantoms
  3 kobold brigands
  Blork the orc (D:5)
  9 bullfrogs
  A gnoll sergeant (D:10)
  4 scorpions
  3 wights (D:7)
  2 electric eels (Spider:3)
  6 howler monkeys
  3 lava snakes (Lair:5)
  A jelly (D:7)
  3 hounds
  17 orc priests
  9 starcursed masses (Abyss:3)
  Ijyb (D:4)
  7 iguanas
  16 orc wizards
  6 hell rats (D:14)
  Robin (D:3)
  9 gnolls
  3 adders
  2 white imps (D:5)
  5 ufetubi
  A worm (D:4)
  6 dart slugs
  43 orcs
  6 ball pythons
  7 endoplasms
  3 giant cockroaches
  12 goblins
  16 hobgoblins
  3 jackals (D:5)
  3 quokkas
  5 bats
  7 frilled lizards
  18 kobolds
  7 rats
1444 creatures vanquished.

Vanquished Creatures (others)
  A storm dragon (Vaults:5)
  A jorogumo (Spider:4)
  A redback (Spider:4)
  2 swamp drakes
  A wolf (shapeshifter) (Vaults:5)
  An orc priest (Orc:2)
  10 foxfires (Swamp:4)
17 creatures vanquished.

Grand Total: 1461 creatures vanquished

Notes
Turn   | Place    | Note
-------+----------+-------------------------------------------
     0 | D:1      | Anon1729 the Minotaur Monk began the quest for the Orb.
     0 | D:1      | Reached XP level 1. HP: 19/19 MP: 0/0
    58 | D:1      | Reached XP level 2. HP: 22/27 MP: 1/1
   313 | D:1      | Reached skill level 1 in Armour
   373 | D:1      | Found Devufil's Assorted Antiques.
   677 | D:1      | Reached skill level 1 in Invocations
   740 | D:1      | Reached XP level 3. HP: 31/33 MP: 2/2
  1463 | D:2      | You fall into a shaft and drop 1 floor!
  1524 | D:3      | Noticed Robin
  1546 | D:3      | Killed Robin
  1547 | D:3      | Reached XP level 4. HP: 12/40 MP: 2/4
  2883 | D:1      | Bought 3 scrolls labelled GAIHOO ISHRUES for 87 gold pieces
  2945 | D:4      | Found a staircase to the Ecumenical Temple.
  2990 | D:4      | Reached XP level 5. HP: 47/47 MP: 5/5
  3097 | D:4      | Noticed Ijyb
  3109 | D:4      | Killed Ijyb
  3112 | D:4      | Reached XP level 6. HP: 45/55 MP: 6/6
  3162 | D:4      | Found a burning altar of Makhleb.
  3166 | D:4      | Found a glowing silver altar of Zin.
  3166 | D:4      | Noticed an angel
  3167 | D:4      | Noticed a cacodemon
  3177 | D:4      | Reached skill level 5 in Fighting
  3427 | Temple   | Entered the Ecumenical Temple
  3555 | Temple   | Became a worshipper of Uskayaw the Reveller
  3555 | Temple   | Reached * piety under Uskayaw
  3612 | D:5      | Entered Level 5 of the Dungeon
  3617 | D:5      | Reached ** piety under Uskayaw
  3805 | D:5      | Found a shimmering altar of Xom.
  3808 | D:5      | Noticed Blork the orc
  3822 | D:5      | Killed Blork the orc
  3823 | D:5      | Reached skill level 5 in Short Blades
  3823 | D:5      | Reached XP level 7. HP: 31/61 MP: 3/8
  4004 | D:5      | Reached skill level 5 in Dodging
  4004 | D:5      | Reached *** piety under Uskayaw
  4017 | D:5      | Identified the +6 shortbow of Salt {freeze, Int+2}
  4419 | D:5      | Found a runed translucent gate.
  4436 | D:5      | Found a runed translucent gate.
  4436 | D:5      | Found a runed translucent gate.
  4436 | D:5      | Found an opulent altar of Gozag.
  4436 | D:5      | Noticed Yorgos's ghost (novice DsGl)
  4992 | D:6      | Reached XP level 8. HP: 59/70 MP: 9/9
  5085 | D:6      | Reached skill level 5 in Armour
  5785 | D:1      | Bought a scroll labelled DEOFEA UTEK for 29 gold pieces
  5785 | D:1      | Bought a grey potion for 26 gold pieces
  6456 | D:7      | Reached **** piety under Uskayaw
  6457 | D:7      | Reached skill level 5 in Invocations
  6457 | D:7      | Reached XP level 9. HP: 69/79 MP: 11/11
  6462 | D:7      | Reached ***** piety under Uskayaw
  6468 | D:7      | Reached ****** piety under Uskayaw
  6469 | D:7      | Found a sacrificial altar of Ru.
  6793 | D:8      | Noticed an unseen horror
  6806 | D:8      | Killed an unseen horror
  6943 | D:8      | Identified the +3 leather armour "Onwill" {Will+}
  6979 | D:8      | Found an ancient bone altar of Kikubaaqudgha.
  7118 | D:8      | Noticed Grum
  7125 | D:8      | HP: 2/81 [orc warrior/+0 battleaxe (14)]
  7442 | D:8      | Killed Grum
  7523 | D:8      | Found a basalt altar of Yredelemnul.
  7525 | D:8      | Found a shimmering blue altar of Sif Muna.
  7525 | D:8      | Found a white marble altar of Elyvilon.
  7529 | D:8      | Found an opulent altar of Gozag.
  7529 | D:8      | Found a shadowy altar of Dithmenos.
  7784 | D:9      | Noticed a two-headed ogre
  7793 | D:9      | Killed a two-headed ogre
  7794 | D:9      | Reached XP level 10. HP: 47/90 MP: 8/13
  8005 | D:9      | Noticed an orange demon
  8700 | D:10     | Entered Level 10 of the Dungeon
  8700 | D:10     | Noticed a gargoyle
  8716 | D:9      | Killed a gargoyle
  9086 | D:10     | Found a staircase to the Orcish Mines.
  9288 | D:10     | Found a sparkling altar of Nemelex Xobeh.
  9297 | D:10     | Found a blossoming altar of Fedhas.
  9436 | D:10     | Found a staircase to the Lair.
  9436 | D:10     | Noticed an elephant
  9524 | D:10     | Killed an elephant
  9525 | D:10     | Reached XP level 11. HP: 50/99 MP: 15/15
  9595 | D:10     | Found a snail-covered altar of Cheibriados.
  9653 | D:10     | Found a transporter.
  9657 | D:10     | Noticed a two-headed ogre
  9663 | D:10     | Killed a two-headed ogre
  9664 | D:10     | Reached skill level 10 in Fighting
  9705 | D:10     | Found a transporter.
  9774 | D:10     | Found a transporter.
  9796 | D:10     | Found a transporter.
 10063 | Lair:1   | Entered Level 1 of the Lair of Beasts
 10250 | Lair:1   | Reached skill level 10 in Armour
 10302 | Lair:1   | Reached skill level 10 in Short Blades
 10334 | Lair:1   | Reached skill level 10 in Dodging
 10444 | Lair:1   | Noticed an oklob plant
 10522 | Lair:1   | Killed an oklob plant
 10523 | Lair:1   | Reached XP level 12. HP: 84/110 MP: 17/17
 11160 | Lair:2   | Found a staircase to the Swamp.
 11241 | Lair:2   | Noticed a boulder beetle
 11258 | Lair:2   | Killed a boulder beetle
 11267 | Lair:2   | Found a hole to the Spider Nest.
 11456 | Lair:2   | Found a transporter.
 11695 | Lair:2   | Found a transporter.
 11696 | Lair:2   | Noticed a boulder beetle
 11721 | Lair:2   | Killed a boulder beetle
 12410 | Lair:3   | Noticed a five-headed hydra
 12417 | Lair:3   | Killed a five-headed hydra
 12702 | Lair:4   | Noticed Kirke
 12706 | Lair:4   | Reached skill level 10 in Invocations
 12726 | Lair:4   | Killed Kirke
 12727 | Lair:4   | Reached XP level 13. HP: 119/119 MP: 10/19
 12869 | Lair:4   | Found a runed translucent door.
 13317 | Lair:4   | Found a staircase to the Slime Pits.
 13612 | Lair:5   | Entered Level 5 of the Lair of Beasts
 14051 | Lair:5   | Identified the +0 chain mail "Epluit" {MP+9 Dex+2}
 14605 | Lair:5   | Reached XP level 14. HP: 73/130 MP: 13/21
 15005 | Lair:5   | Found a large runed translucent door.
 15005 | Lair:5   | Found a large runed translucent door.
 15712 | Orc:1    | Entered Level 1 of the Orcish Mines
 16154 | Orc:2    | Entered Level 2 of the Orcish Mines
 16154 | Orc:2    | Found a staircase to the Elven Halls.
 16214 | Orc:2    | Noticed Josephine
 16299 | Orc:2    | Noticed Snorg
 16304 | Orc:2    | Killed Josephine
 16313 | Orc:2    | Killed Snorg
 16397 | Orc:2    | Noticed Sonja
 16411 | Orc:2    | Killed Sonja
 16604 | Orc:2    | Found Iziuff's Book Emporium.
 16614 | Orc:2    | Paralysed by an orc sorcerer for 5 turns
 16647 | Orc:2    | Found Axexaleo's Distillery.
 16648 | Orc:2    | Found Uryn's Assorted Antiques.
 16776 | Orc:2    | Found Bohoejan's General Store.
 17005 | Orc:2    | Found Osefer's Assorted Antiques.
 17094 | Orc:2    | Bought a fuming coppery potion for 17 gold pieces
 17094 | Orc:2    | Bought a cyan potion for 17 gold pieces
 17114 | Orc:2    | Bought 2 potions of heal wounds for 130 gold pieces
 17114 | Orc:2    | Bought a potion of curing for 39 gold pieces
 17114 | Orc:2    | Bought a potion of curing for 39 gold pieces
 17114 | Orc:2    | Bought a potion of curing for 39 gold pieces
 17114 | Orc:2    | Bought a potion of might for 52 gold pieces
 17114 | Orc:2    | Bought a potion of haste for 130 gold pieces
 17114 | Orc:2    | Bought a potion of berserk rage for 65 gold pieces
 17114 | Orc:2    | Bought a potion of mutation for 104 gold pieces
 17114 | Orc:2    | Bought a potion of mutation for 104 gold pieces
 17116 | Orc:2    | Bought a scroll of teleportation for 96 gold pieces
 17116 | Orc:2    | Bought a scroll of identify for 64 gold pieces
 17187 | Orc:2    | Paralysed by an orc sorcerer for 4 turns
 17252 | Orc:2    | Bought a scroll of identify for 28 gold pieces
 17325 | Orc:1    | Found Anuokluw's Antique Armour Emporium.
 17329 | Orc:1    | Bought an ichor-stained chain mail for 218 gold pieces
 17329 | Orc:1    | Identified the +0 chain mail of Bavogony {Contam Rampage
                  | rF+++ Str+3} (You bought it in a shop on level 1 of the
                  | Orcish Mines)
 17329 | Orc:1    | Bought a bronze leather armour for 161 gold pieces
 17329 | Orc:1    | Identified the +3 leather armour of Happy Babbling {Harm
                  | rC+ Str+5 Dex-2} (You bought it in a shop on level 1 of the
                  | Orcish Mines)
 17484 | D:11     | Noticed Urug
 17498 | D:11     | Killed Urug
 17529 | D:11     | Noticed Amaemon
 17540 | D:11     | Killed Amaemon
 18104 | D:11     | Identified a scroll of acquirement
 18105 | D:11     | Acquired the amulet "Ufegaoz" {Acrobat rElec rPois rC+}
 18499 | D:12     | Reached XP level 15. HP: 122/139 MP: 23/23
 18608 | D:12     | Noticed Maurice
 18632 | D:12     | Killed Maurice
 18741 | D:12     | Reached skill level 15 in Fighting
 19146 | D:13     | Noticed Nisur's ghost (journeyman DrCj)
 19148 | D:13     | Found a transporter.
 19151 | D:13     | Found a transporter.
 19346 | D:13     | Found a gate to the Vaults.
 19940 | D:14     | Reached skill level 15 in Armour
 20633 | D:14     | Identified the +9 sling of Linearity {freeze, Str+3}
 20906 | D:15     | Entered Level 15 of the Dungeon
 21532 | D:15     | Found a staircase to the Depths.
 21686 | D:15     | Reached XP level 16. HP: 151/151 MP: 24/24
 22166 | Spider:1 | Entered Level 1 of the Spider Nest
 22640 | Spider:1 | Reached skill level 15 in Short Blades
 23107 | Spider:1 | Reached skill level 15 in Dodging
 23446 | Spider:2 | Noticed Aizul
 23468 | Spider:2 | Killed Aizul
 25692 | Spider:4 | Entered Level 4 of the Spider Nest
 25707 | Spider:4 | Reached XP level 17. HP: 118/160 MP: 26/26
 26168 | Spider:4 | Noticed Arachne
 27076 | Spider:4 | Killed Arachne
 27642 | Spider:4 | Got a gossamer rune of Zot
 27793 | Spider:4 | Noticed Notanamesir's ghost (adept TeCj)
 27797 | Spider:4 | Found a runed translucent door.
 27985 | Spider:4 | Killed Notanamesir's ghost
 28156 | Swamp:1  | Entered Level 1 of the Swamp
 28471 | Swamp:1  | You fall into a shaft and drop 1 floor!
 28632 | Swamp:2  | Noticed Nikola
 28645 | Swamp:2  | Killed Nikola
 28708 | Swamp:2  | Reached skill level 15 in Invocations
 29915 | Swamp:4  | Entered Level 4 of the Swamp
 29975 | Swamp:4  | Reached XP level 18. HP: 80/172 MP: 28/28
 31050 | Swamp:4  | Noticed the 27-headed Lernaean hydra
 31056 | Swamp:4  | Killed the 27-headed Lernaean hydra
 31145 | Swamp:4  | Got a decaying rune of Zot
 31588 | Slime:1  | Entered Level 1 of the Pits of Slime
 31752 | Vaults:1 | Entered Level 1 of the Vaults
 33825 | Vaults:2 | Reached XP level 19. HP: 147/182 MP: 30/30
 33882 | Vaults:2 | Noticed Mara
 33883 | Vaults:2 | Noticed Anon1729's illusion
 33903 | Vaults:2 | Killed Mara
 35675 | Vaults:3 | HP: 2/184 [yaktaur captain/bolt (32)]
 35958 | Vaults:3 | Paralysed by a sphinx for 5 turns
 36482 | Vaults:3 | Noticed Bai Suzhen
 36502 | Vaults:3 | Killed Bai Suzhen
 36581 | Vaults:3 | Found a staircase to the Crypt.
 36581 | Vaults:3 | Found an ancient bone altar of Kikubaaqudgha.
 36581 | Vaults:3 | Found a basalt altar of Yredelemnul.
 36952 | Vaults:3 | Identified the +1 hat of the Falcon {Slay+3}
 36953 | Vaults:3 | Identified the +0 robe "Hogiecum" {Str+3}
 36961 | Vaults:3 | Found a radiant altar of Vehumet.
 36966 | Vaults:3 | Identified the +0 hat of the Screaming Gods {Str+3}
 36983 | Vaults:3 | Identified the +2 hat of the Narrow God {rF- Str+2 Int+2}
 36985 | Vaults:3 | Identified the +0 hat "Muev" {rElec}
 37100 | Vaults:4 | Reached XP level 20. HP: 160/193 MP: 31/31
 37380 | Vaults:4 | Found a crumbling gateway.
 37400 | Desolati | Entered the Desolation of Salt
 37451 | Desolati | Identified the amulet of Qime {Faith Fly rC- Dex+4 Stlth+}
 37453 | Desolati | Identified the +1 quick blade "Ebuakk" {spect, Will++ rCorr
                  | Int+3}
 37490 | Desolati | Identified the +10 mace of Yredelemnul's Esteem {heavy,
                  | Will+ Str+2 Int+2}
 37539 | Desolati | Identified the +3 cloak of Vyvarust {rPois rC+++ rN++
                  | Str-2}
 37541 | Desolati | Got the Information on Combined Topography
 38031 | Desolati | Identified the ring "Rifaor" {rPois Int+4}
 38209 | Desolati | Got Jyxo's Tractate on the Conjured Boulder
 38211 | Desolati | Identified the +1 hand axe of Insomnia {flame, Str+2}
 38397 | Desolati | Identified the ring "Pauteul" {rElec rCorr EV+5 Dex-3
                  | Stlth+}
 38399 | Desolati | Got the Grimoire of the Birds
 38401 | Desolati | Identified the +0 swamp dragon scales of the Sun {Contam
                  | rPois rF+ Int+2 Dex+2}
 38403 | Desolati | Got the Teachings on Shifting Astrapomancy
 38628 | Vaults:4 | Noticed Sojobo
 38639 | Vaults:4 | Killed Sojobo
 38819 | Vaults:4 | Found Oteen's Weapon Emporium.
 38905 | Abyss:3  | Cast into level 3 of the Abyss (a wizard)
 38910 | Abyss:3  | Found a corrupted altar of Lugonu.
 38911 | Abyss:3  | Found a corrupted altar of Lugonu.
 39275 | Abyss:3  | Noticed a bone dragon
 39294 | Abyss:3  | Killed a bone dragon
 39408 | Abyss:3  | Noticed a bone dragon
 39432 | Abyss:3  | Killed a bone dragon
 39451 | Vaults:4 | Escaped the Abyss
 39741 | Vaults:4 | Reached XP level 21. HP: 29/204 MP: 20/32
 40121 | Vaults:5 | Entered Level 5 of the Vaults
 40121 | Vaults:5 | Noticed Boris
 40145 | Vaults:5 | Noticed a golden dragon
 40269 | Vaults:5 | Killed a golden dragon
 40528 | Vaults:4 | Killed Boris
 40680 | Vaults:5 | Noticed Frederick
 40696 | Vaults:5 | Killed Frederick
 40696 | Vaults:5 | Noticed a golden dragon
 40697 | Vaults:5 | Paralysed by an ogre mage for 3 turns
 40726 | Vaults:4 | Killed a golden dragon
 40945 | Vaults:5 | Identified the +5 shortbow "Hong" {heavy, Dex+4}
 41388 | Vaults:5 | Noticed a golden dragon
 41404 | Vaults:5 | Killed a golden dragon
 41407 | Vaults:5 | Identified the ring "Zuokhlur" {*Corrode Will+ Int+4 Dex+6}
 41419 | Vaults:4 | Slain by a titan

Illustrated notes

Levels and vault maps discovered:
D:1:      roderic_crop_circles_arrival_small, layout_basic,
          serial_co_window_serial, co_window_corner_a, co_window_corner_a,
          co_window_cross_1, co_window_paths_b, co_window_paths_b,
          co_window_corner_b, co_window_unsneaky_path_b, co_window_corner_cb,
          co_window_unsneaky_path_c, co_window_broadway_a,
          co_window_of_opportunity_b, co_window_of_opportunity_b,
          co_window_4corner_b, co_window_paths_e, glass_columns_b,
          glass_columns_c, glass_columns_a, glass_columns_c, glass_columns_a,
          serial_shops, shop, st_stairs_14, minmay_tromino_i2
D:2:      layout_rooms
D:3:      layout_loops_ring, eino_tiny_chamber, corexii_shack, uniq_robin
D:4:      layout_rooms, grunt_temple_overflow_order_and_chaos_2, temple_pool_b,
          uniq_ijyb
D:5:      layout_rooms, mainiacjoe_overflow_concentric_impassable,
          nicolae_ossuary_entry_plus, ebering_ghost_gozag, uniq_blork_the_orc
D:6:      layout_basic, minmay_lizard_king
D:7:      layout_loops_ring, mainiacjoe_overflow_small_starburst
D:8:      layout_cave_pools, nicolae_kikubaaqudgha_miasma_corner,
          grunt_temple_overflow_open, uniq_grum
D:9:      layout_roguey, minmay_parallelograms
D:10:     layout_irregular_city, cheibriados_altar_1,
          chequers_temple_overflow_statue_of_worship, david_lair_generic,
          orc_0_dummy, chequers_hall_statues_corner_a, grunt_ministairs_9,
          nicolae_twisting_strands, nicolae_transporter_intersection
D:11:     layout_cave_pools, chequers_serial_rivers_room_b, minivault_5,
          hangedman_abyss_or_decor_stagger, uniq_amaemon, uniq_urug
D:12:     nicolae_cairo_tiling_large, layout_irregular_city,
          kennysheep_generic_room_12, uniq_maurice
D:13:     layout_rooms, lightli_vaults_fourway_checkpoint, gammafunk_ghost_hive
D:14:     layout_loops_corners, chequers_serial_rivers_micro_e, special_room
          [special_room_mythical_zoo], chequers_serial_rivers_micro_a
D:15:     grunt_enter_depths_snipers, layout_rooms, chequers_avenue, minivault_8
Temple:   hellmonk_temple_beads
Lair:1:   minmay_lair_oklob_chamber, layout_chaotic_city
Lair:2:   gammafunk_worm_tunnel, layout_small_grid, skrybe_swamp_entry_bodies,
          spider_nest_entry_web_field, minivault_19, nicolae_lair_lindhole
Lair:3:   layout_concentric_octagons, grunt_megastairs_1
Lair:4:   layout_gridlike, slime_entry_1, pf_torpor_hydra, uniq_kirke
Lair:5:   cheibrodos_lair_end_hotspot, layout_layer_cave, guppyfry_lair_drakes,
          serial_bayou_shore_b
Swamp:1:  layout_basic_swamp, hangedman_swamp_lotus, infiniplex_staircase_pool
Swamp:2:  layout_basic_swamp, evilmike_swamp_ruin_house_2, uniq_nikola
Swamp:3:  layout_falls_marsh, hangedman_swamp_blocks
Swamp:4:  swamp_old_school, layout_basic_swamp, swamp_pool2
Spider:1: layout_spider_delve
Spider:2: cheibrodos_spider_silkery, nicolae_spider_cling_halls, uniq_aizul
Spider:3: layout_spider_delve, nicolae_spider_bzzzt
Spider:4: johnstein_spider_rune_arachne_lair, hellmonk_ghost_happy_afterlife,
          hellmonk_deceptive_appearances, uniq_arachne
Slime:1:  layout_caves
Orc:1:    layout_diamond_mine, serial_shops, nicolae_shop_pleasant_corner_grove
Orc:2:    st_orc_elflike, layout_caves, serial_shops, shop, uniq_snorg,
          uniq_sonja, uniq_josephine
Vaults:1: nicolae_vaults_double_plus_2, v_misc_25, vaults_room_semicircle,
          nicolae_vaults_tangram_1, nicolae_vaults_angled_halls, v_misc_4,
          v_misc_3, vaults_standard_mumra_x, vaults_mumra_lcd,
          nicolae_vaults_closet_pinwheel_3, layout_vaults_omnigrid
Vaults:2: grunt_vaults_swirl, vaults_mumra_hexcomb, v_pattern_4,
          hangedman_vaults_hat, nicolae_vaults_theta, v_misc_1,
          ontoclasm_vaults_hangar, nicolae_vaults_network_quincunx
          [nicolae_vaults_network_quincunx_subvault,
          nicolae_vaults_network_quincunx_subvault,
          nicolae_vaults_network_quincunx_subvault,
          nicolae_vaults_network_quincunx_subvault,
          nicolae_vaults_network_quincunx_subvault],
          nicolae_vaults_shelves_hall, layout_vaults_maze_bifur, uniq_mara
Vaults:3: nicolae_vaults_twisting_passages, hangedman_vaults_stagger, v_misc_1,
          minmay_crypt_entry_necro_gods, v_pattern_1,
          nicolae_vaults_tetromino_Z_2, nicolae_vaults_oval_intersection,
          nicolae_vaults_tetromino_T_2, v_misc_3,
          nicolae_vaults_storage_room_glass, nicolae_vaults_house_1,
          grunt_tower_of_power, nicolae_vaults_windows_and_doors_thing,
          vaults_dpeg_ring, vaults_room_stairs_pillars, layout_vaults_omnibox,
          uniq_bai_suzhen
Vaults:4: portal_desolation_entry_nicolae_nacl, nicolae_vaults_apartment_1,
          nicolae_vaults_little_ls, nicolae_vaults_shipping_containers_4,
          v_misc_29, nicolae_vaults_back_hallway,
          nicolae_vaults_hexular_roomagon, nicolae_vaults_tetromino_Z_2,
          nicolae_vaults_surprise_closet, nicolae_vaults_storage_room_statues,
          layout_vaults_big_room, serial_shops, nicolae_shop_peninsula,
          uniq_sojobo
Vaults:5: uniq_frederick, uniq_boris

Skill      XL: |  1  2  3  4  5  6  7  8  9 10 11 12 13 14 15 16 17 18 19 20 21 |
---------------+----------------------------------------------------------------+-----
Armour         | 1 2 3 4 6 7 9 10 11 13 14 15 16 17 18 19 20 21 | 21.4
Invocations    | 1 2 3 5 6 7 8 10 11 12 13 14 15 16 17 18 | 18.3
Fighting       | 4 5 6 7 8 9 11 12 13 14 16 17 18 19 20 21 | 21.7
Short Blades   | 4 5 6 8 9 10 11 12 13 14 15 16 17 18 19 20 | 20.1
Dodging        | 4 5 6 7 9 10 11 12 13 14 15 16 17 18 19 20 | 20.0

Action                     |  1- 3 |  4- 6 |  7- 9 | 10-12 | 13-15 | 16-18 | 19-21 || total
---------------------------+-------+-------+-------+-------+-------+-------+-------++-------
  Melee: Short sword       |   107 |       |       |       |       |       |       ||   107
         Headbutt          |    27 |    26 |    50 |   159 |   502 |   741 |   759 ||  2264
         Dagger            |     5 |   117 |   221 |   457 |  1384 |  2090 |  1673 ||  5947
 Invoke: Line Pass         |       |     2 |     2 |       |     5 |    11 |     9 ||    29
         Stomp             |       |       |     2 |     1 |       |    12 |    10 ||    25
         Grand Finale      |       |       |       |     1 |     1 |     4 |     8 ||    14
  Evoke: Wand              |       |       |     1 |     2 |     2 |       |     2 ||     7
    Use: Scroll            |       |     5 |     3 |     3 |    11 |     9 |     8 ||    39
         Potion            |       |       |     6 |       |       |     5 |    12 ||    23
   Stab: Paralysed         |       |       |    12 |    48 |   111 |   150 |   145 ||   466
         Confused          |       |       |       |       |     3 |     5 |     8 ||    16
 Armour: Robe              |     9 |     8 |    35 |    11 |       |       |       ||    63
         Troll leather arm |       |       |       |    66 |   227 |   331 |   274 ||   898
  Dodge: Dodged            |    55 |    71 |   160 |   302 |  1177 |  2324 |  1567 ||  5656

Table legend: (Time is in decaauts)
 A = Elapsed time spent in this place.
 B = Non-inter-level travel time spent in this place.
 C = Inter-level travel time spent in this place.
 D = Time resting spent in this place.
 E = Time spent auto-exploring this place.
 F = Levels seen in this place.
 G = Mean time per level.
                   A        B        C        D        E       F      G
               +--------+--------+--------+--------+--------+-----+--------+
         Total |  38889 |  36309 |   2580 |   4385 |  24834 |  39 |  997.2 |
       Dungeon |  14398 |  13052 |   1346 |   1312 |   9904 |  15 |  959.9 |
        Temple |    171 |     95 |     76 |      0 |     85 |   1 |  171.0 |
          Lair |   5564 |   5043 |    521 |    138 |   4094 |   5 | 1112.8 |
         Swamp |   3050 |   2905 |    145 |    363 |   1895 |   4 |  762.5 |
   Spider Nest |   5442 |   5269 |    173 |   1429 |   2610 |   4 | 1360.5 |
    Slime Pits |      1 |      1 |      0 |      0 |      0 |   1 |    1.0 |
  Orcish Mines |   1561 |   1478 |     83 |    200 |    937 |   2 |  780.5 |
        Vaults |   7296 |   7062 |    234 |    942 |   4542 |   5 | 1459.2 |
         Abyss |    461 |    461 |      0 |      0 |    249 |   1 |  461.0 |
    Desolation |    940 |    940 |      0 |      0 |    517 |   1 |  940.0 |
               +--------+--------+--------+--------+--------+-----+--------+

Top non-repeatable levels by time:
Vaults:1: 2082 daAuts
  Lair:5: 1823 daAuts
Vaults:4: 1693 daAuts
Vaults:3: 1639 daAuts
Spider:4: 1584 daAuts
    D:14: 1559 daAuts
Spider:2: 1441 daAuts
     D:1: 1439 daAuts
Spider:3: 1385 daAuts
Vaults:2: 1259 daAuts
     D:9: 1243 daAuts
 Swamp:4: 1100 daAuts
    D:10: 1097 daAuts
     D:6: 1096 daAuts
     D:7: 1096 daAuts
